 Dungeon Crawl Stone Soup version 0.17-a0-1176-g3d5a0d0 (webtiles) character file.

763 AnnoyedKobold the Covert (level 7, -10/32 HPs)
             Began as a Spriggan Enchanter on May 30, 2015.
             Mangled by a wyvern skeleton (15 damage)
             ... on level 6 of the Dungeon.
             The game lasted 00:20:57 (6799 turns).

AnnoyedKobold the Covert (Spriggan Enchanter)       Turns: 6799, Time: 00:20:57

Health: -10/32     AC:  4    Str:  4    XL:     7   Next: 51%
Magic:  13/13      EV: 14    Int: 17    God:
Gold:   309        SH:  0    Dex: 18    Spells: 2 memorised, 10 levels left

rFire  + . .     SeeInvis +     y - +0 hunting sling
rCold  + . .     Clarity  .     b - +1 robe
rNeg   . . .     SustAt   .     (shield restricted)
rPois  +         Gourm    .     (helmet restricted)
rElec  .         Spirit   .     x - +0 cloak {rPois}
rCorr  .         Warding  .     (gloves unavailable)
rMut   .         Stasis   .     (boots unavailable)
MR     +....                    (no amulet)
Stlth  +++++.....               j - ring of protection from fire
                                h - ring of protection from cold

@: very quick, somewhat resistant to hostile enchantments, quite stealthy
A: unfitting armour, see invisible, herbivore 3, speed 3, slow metabolism 2
a: no special abilities


You were on level 6 of the Dungeon.
You were not hungry.

You visited 1 branch of the dungeon, and saw 6 of its levels.

You collected 402 gold pieces.
You spent 93 gold pieces at shops.

Inventory:

Hand weapons
 a - a +1 dagger
 y - a +0 hunting sling (weapon)
 z - a +0 short sword
Missiles
 l - 7 silver sling bullets (quivered)
 n - 6 needles of sleeping
Armour
 b - a +1 robe (worn)
 x - a +0 cloak of poison resistance (worn)
Jewellery
 h - a ring of protection from cold (left hand)
 j - a ring of protection from fire (right hand)
 A - an uncursed amulet of rage {unknown}
Magical devices
 e - a wand of lightning (4)
 m - a wand of enslavement (12)
 w - a wand of fire (5)
Scrolls
 k - 2 scrolls of recharging
 o - 2 scrolls of fear
 q - 2 scrolls of amnesia
Potions
 g - 2 potions of might
 i - 2 potions of curing
 r - 2 potions of brilliance
 s - a potion of cancellation
 t - 2 potions of resistance
 u - a potion of flight
 B - a potion of beneficial mutation {unknown}
Books
 c - a book of Maledictions

   Spells                             Type                      Level
   a - Corona                         Hexes                        1
   b - Ensorcelled Hibernation        Hexes/Ice                    2
   c - Confuse                        Hexes                        3
   d - Tukima's Dance                 Hexes                        3
   e - Dazzling Spray                 Conjuration/Hexes            3
 f - a book of the Sky

   Spells                             Type                      Level
   a - Summon Lightning Spire         Summoning/Air                4
   b - Airstrike                      Air                          4
   c - Silence                        Hexes/Air                    5
   d - Deflect Missiles               Charms/Air                   6
   e - Conjure Ball Lightning         Conjuration/Air              6
   f - Tornado                        Air                          9
Comestibles
 d - 6 bread rations
 p - a royal jelly
 v - 4 fruits


   Skills:
 - Level 5.7 Short Blades
 - Level 3.6 Dodging
 + Level 9.9 Stealth
 * Level 3.5 Spellcasting
 - Level 4.4 Hexes


You had 10 spell levels left.
You knew the following spells:

 Your Spells              Type           Power        Failure   Level  Hunger
a - Corona                Hex            ###....      2%          1    None
b - Ensorcelled Hibernat  Hex/Ice        ##....       12%         2    ##.....


Dungeon Overview and Level Annotations

Branches:
Dungeon (6/15)
 Temple: D:4-7

Altars:
Ashenzari
Elyvilon
Fedhas
Kikubaaqudgha
Qazlal
Ru
Trog
Yredelemnul

Shops:
D:6 *[


Innate Abilities, Weirdness & Mutations

You are tiny and cannot use many weapons and most armour.
You have supernaturally acute eyesight.
You are a herbivore.
You cover ground extremely quickly.
You need consume almost no food.


Message History

Press: ? - help, Shift-Dir - straight line, f/p - wyvern skeleton
Aim: a wyvern skeleton You shoot a silver sling bullet.
The silver sling bullet hits the wyvern skeleton!
Firing (i - inventory):
l - 9 silver sling bullets (quivered)
Press: ? - help, Shift-Dir - straight line, f/p - wyvern skeleton
Aim: a wyvern skeleton You shoot a silver sling bullet.
The silver sling bullet hits the wyvern skeleton.
The wyvern skeleton misses you.
Firing (i - inventory):
l - 8 silver sling bullets (quivered)
Press: ? - help, Shift-Dir - straight line, f/p - wyvern skeleton
Aim: a wyvern skeleton You shoot a silver sling bullet.
The silver sling bullet hits the wyvern skeleton but does no damage.
The wyvern skeleton bites you! x2
* * * LOW HITPOINT WARNING * * *
There is a stone staircase leading up here.
The wyvern skeleton bites you!
You die...

#.....#..............
#..##########.#..#.##
#....................
###############.....(
########.#.(..
#...(.(..#....
#.######......
#######...# ####...
#..@Z.#.### ####
#####.....#.#
#......)....#
##..........#
#.##.......#
###.####.....#
#......#..##.#
#.........##.#
#..≈...§..##.#


You could see a wyvern skeleton.

Vanquished Creatures
  An orc warrior (D:6)
  An ogre (D:5)
  2 jellies
  A giant frog skeleton (D:6)
  2 centaur skeletons
  2 hounds
  An iguana (D:4)
  2 orc wizards (D:5)
  2 worker ants (D:4)
  A hound skeleton (D:4)
  9 adders
  2 oozes (D:5)
  4 worms
  6 giant geckos
  18 orcs
  3 ball pythons
  2 giant cockroaches
  9 hobgoblins
  A jackal (D:3)
  A quokka (D:5)
  14 bats
  A giant newt (D:2)
  14 goblins
  12 kobolds
  A quokka skeleton (D:5)
  10 rats
122 creatures vanquished.

Vanquished Creatures (others)
  A human (D:2)
1 creature vanquished.

Grand Total: 123 creatures vanquished

Notes
Turn   | Place    | Note
--------------------------------------------------------------
     0 | D:1      | AnnoyedKobold the Spriggan Enchanter began the quest for the Orb.
     0 | D:1      | Reached XP level 1. HP: 9/9 MP: 5/5
   477 | D:1      | Reached XP level 2. HP: 4/13 MP: 4/6
   999 | D:2      | Found an ancient bone altar of Kikubaaqudgha.
  1002 | D:2      | Noticed a human
  1005 | D:2      | Killed a human
  1015 | D:2      | Reached XP level 3. HP: 16/16 MP: 6/8
  1243 | D:2      | Learned a level 2 spell: Ensorcelled Hibernation
  1247 | D:2      | You fall through a shaft!
  1836 | D:3      | Reached skill level 5 in Stealth
  2580 | D:3      | Found a basalt altar of Yredelemnul.
  2803 | D:4      | Noticed a phantom
  2825 | D:4      | Reached XP level 4. HP: 21/21 MP: 6/9
  3355 | D:4      | Reached skill level 6 in Stealth
  3381 | D:4      | Found a white marble altar of Elyvilon.
  3419 | D:4      | Reached XP level 5. HP: 21/24 MP: 7/10
  3609 | D:4      | Reached skill level 7 in Stealth
  3906 | D:4      | Reached XP level 6. HP: 28/28 MP: 8/11
  4053 | D:5      | Entered Level 5 of the Dungeon
  4059 | D:5      | Reached skill level 8 in Stealth
  4317 | D:5      | Found a blossoming altar of Fedhas.
  4988 | D:5      | Reached skill level 9 in Stealth
  5207 | D:5      | Found a stormy altar of Qazlal.
  5207 | D:5      | Found a shattered altar of Ashenzari.
  5218 | D:5      | Reached skill level 5 in Short Blades
  5218 | D:5      | Reached XP level 7. HP: 32/32 MP: 12/12
  5473 | D:5      | Found a bloodstained altar of Trog.
  5642 | D:5      | Found a sacrificial altar of Ru.
  5929 | D:6      | Found Muipoga's Armour Boutique.
  5954 | D:6      | Bought a +0 cloak of poison resistance for 93 gold pieces
  6612 | D:6      | Found Konwexe's Elemental Accessories.
  6799 | D:6      | Mangled by a wyvern skeleton

Vault maps used:
D:1:      dpeg_arrival_radiant
D:2:      first_bread, tgw_kikubaaqudgha
D:3:      lemuel_crystal_altar, roderic_nine_men_s_morris
D:4:      elyvilon_altar_1
D:5:      lemuel_crystal_altar, gammafunk_temple_overflow_pools,
          fedhas_altar_fruit_tree, nicolae_ru_great_annihilating_truth
D:6:      serial_shops, shop_coins, nicolae_elemental_shop

Action                   |  1- 3 |  4- 6 |  7- 9 || total
-------------------------+-------+-------+-------++-------
Melee: Dagger            |   164 |   167 |       ||   331
       Short sword       |       |   138 |   102 ||   240
 Fire: Hunting sling     |       |       |     5 ||     5
 Cast: Corona            |     3 |     1 |       ||     4
       Ensorcelled Hiber |     1 |    13 |     8 ||    22
  Use: Scroll            |     6 |     6 |     1 ||    13
       Potion            |     1 |     1 |       ||     2
 Stab: Sleeping          |    14 |    22 |     7 ||    43
       Distracted        |       |       |     1 ||     1
       Invisible         |       |       |     1 ||     1
       Paralysed         |       |       |     1 ||     1
  Eat: Fruit             |       |     3 |     2 ||     5
